 Dungeon Crawl Stone Soup version 0.19-b1-3-g7dea586 (webtiles) character file.

808 Chiseanne the Magician (level 7, -3/46 HPs)
             Began as a Demonspawn Wizard on Oct 29, 2016.
             Slain by a wight
             ... wielding a cursed +5 hand axe
              (4 damage)
             ... on level 6 of the Dungeon.
             The game lasted 00:11:04 (4335 turns).

Chiseanne the Magician (Demonspawn Wizard)          Turns: 4335, Time: 00:11:05

Health: -3/46      AC:  8    Str:  8    XL:     7   Next: 60%
Magic:  15/16      EV: 12    Int: 21    God:
Gold:   285        SH:  0    Dex: 11    Spells: 4 memorised, 9 levels left

rFire  . . .     SeeInvis .     w - +3 quarterstaff (distort)
rCold  . . .     Gourm    .     j - +0 robe (curse)
rNeg   . . .     Faith    .     (shield currently unavailable)
rPois  .         Spirit   .     b - +0 hat
rElec  .         Reflect  .     (no cloak)
rCorr  .         Harm     .     (no gloves)
MR     .....                    (no boots)
Stlth  ++........               (no amulet)
                                (no ring)
                                k - ring of flight

@: sanguine armour, drained
A: powered by death 1, spiny 2, sanguine armour 1
a: Evoke Flight


You were on level 6 of the Dungeon.
You were not hungry.

You visited 1 branch of the dungeon, and saw 6 of its levels.
You also visited: Sewer.

You collected 285 gold pieces.

Inventory:

Hand Weapons
 p - a +1 dagger of venom
 w - a +3 quarterstaff of distortion (weapon)
Missiles
 i - 6 tomahawks
 m - 85 arrows
 o - 140 stones (quivered)
 x - 12 sling bullets
Armour
 b - a +0 hat (worn)
 j - a cursed +0 robe (worn)
Jewellery
 h - an uncursed ring of ice
 k - a ring of flight (left hand)
Scrolls
 e - 5 scrolls of remove curse
 g - a scroll of magic mapping
Potions
 l - a potion of haste
 r - a potion of agility
 t - 3 potions of curing
Books
 c - a book of Minor Magic

   Spells                             Type                      Level
   a - Magic Dart                     Conjuration                  1
   b - Blink                          Translocation                2
   c - Call Imp                       Summoning                    2
   d - Repel Missiles                 Charms/Air                   2
   e - Slow                           Hexes                        2
   f - Conjure Flame                  Conjuration/Fire             3
   g - Mephitic Cloud                 Conjuration/Poison/Air       3
Comestibles
 a - 2 chunks of flesh
 d - 7 bread rations
 f - 2 beef jerkies
 n - a slice of pizza
 q - 2 meat rations


   Skills:
 - Level 1.7(1.1) Dodging
 - Level 1.7(1.1) Stealth
 * Level 6.2(5.6) Spellcasting
 * Level 6.1(5.4) Conjurations
   Level 1.0(0.4) Summonings
 - Level 0.8(0.2) Translocations


You had 9 spell levels left.
You knew the following spells:

 Your Spells              Type           Power        Failure   Level  Hunger
a - Magic Dart            Conj           ####         1%          1    None
b - Blink                 Tloc           N/A          14%         2    None
c - Conjure Flame         Conj/Fire      ###.....     12%         3    ##.....
d - Mephitic Cloud        Conj/Pois/Air  ##......     17%         3    ##.....


Dungeon Overview and Level Annotations

Branches:
Dungeon (6/15)
 Temple: D:4-7

Altars:
Dithmenos

Annotations:
D:3 tv1990's ghost, novice FoMo


Innate Abilities, Weirdness & Mutations

You regenerate a little health from kills.
You are mostly covered in sharp spines.
When seriously injured, your bleeding wounds create armour. (AC +6)


Message History

The wight is heavily damaged.
The wight misses you. The wight is struck by your spines. The wight misses you.
The wight hits you with an enchanted halberd.
You barely miss the wight.
The wight is heavily damaged.
The wight hits you with an enchanted hand axe!
Your blood congeals into armour.
The wight hits you with a flail of crushing.
The wight barely misses you. x3
You closely miss the wight.
The wight is heavily damaged.
The wight closely misses you. The wight is struck by your spines.
The wight hits you with a flail of crushing!
You feel drained.
* * * LOW HITPOINT WARNING * * *
x2 The wight barely misses you.
The wight is struck by your spines.
The wight hits you with an enchanted hand axe!
* * * LOW HITPOINT WARNING * * *
You feel drained.
You die...

######+###
#........#
#.....zz.#
#)...z@z.#
#........#
##########


You could see 4 wights.

Vanquished Creatures
  Purgy (Sewer)
  A sky beast (D:5)
  An ogre (D:5)
  A water moccasin skeleton (D:4)
  A centaur zombie (D:5)
  A howler monkey (D:5)
  2 jellies (D:5)
  An orc priest (D:4)
  A bullfrog skeleton (D:4)
  A hound (D:5)
  3 orc wizards (D:4)
  A worker ant (D:4)
  A hound skeleton (D:4)
  5 adders
  A shadow imp (D:5)
  An ooze (D:2)
  An adder zombie (D:5)
  3 worms
  A dart slug (D:5)
  3 leopard geckos
  14 orcs
  5 giant cockroaches
  4 goblins
  3 hobgoblins
  2 quokkas (D:2)
  7 bats
  2 frilled lizards
  7 kobolds
  7 rats
82 creatures vanquished.

Notes
Turn   | Place    | Note
-------+----------+-------------------------------------------
     0 | D:1      | Chiseanne the Demonspawn Wizard began the quest for the Orb.
     0 | D:1      | Reached XP level 1. HP: 13/13 MP: 4/4
   554 | D:1      | Gained mutation: When seriously injured, your bleeding wounds create armour. (AC +6) [demonic ancestry]
   554 | D:1      | Reached XP level 2. HP: 19/19 MP: 3/6
  1205 | D:2      | Gained mutation: You are partially covered in sharp spines. [demonic ancestry]
  1205 | D:2      | Reached XP level 3. HP: 24/24 MP: 4/8
  1797 | D:2      | You fall through a shaft!
  1870 | D:3      | Learned a level 2 spell: Blink
  1874 | D:3      | Learned a level 3 spell: Conjure Flame
  1878 | D:3      | Learned a level 3 spell: Mephitic Cloud
  1917 | D:3      | Noticed tv1990's ghost (novice FoMo)
  2139 | D:4      | Reached XP level 4. HP: 25/30 MP: 0/9
  2316 | D:4      | Gained mutation: You are mostly covered in sharp spines. [demonic ancestry]
  2316 | D:4      | Reached XP level 5. HP: 17/35 MP: 6/11
  2514 | D:4      | Found a glowing drain.
  2529 | Sewer    | Entered a sewer
  2715 | Sewer    | Noticed Purgy
  2750 | Sewer    | Killed Purgy
  2750 | Sewer    | Reached skill level 5 in Spellcasting
  2750 | Sewer    | Gained mutation: You regenerate a little health from kills. [demonic ancestry]
  2750 | Sewer    | Reached XP level 6. HP: 31/41 MP: 9/13
  3131 | D:4      | Reached skill level 5 in Conjurations
  3492 | D:5      | Entered Level 5 of the Dungeon
  3751 | D:5      | Reached XP level 7. HP: 46/46 MP: 7/15
  3889 | D:5      | Got a crude spear
  4023 | D:5      | Identified the +6 spear "Axtyinn" {drain, Str+2} (You found it on level 5 of the Dungeon)
  4227 | D:5      | Found a shadowy altar of Dithmenos.
  4335 | D:6      | HP: 1/46 [wight/enchanted hand axe (9)]
  4335 | D:6      | Slain by a wight

Skill      XL: |  1  2  3  4  5  6  7 |
---------------+----------------------+-----
Conjurations   | 2 3 4 5 6 |  6.1
Spellcasting   | 4 5 6 |  6.2
Dodging        | |  1.7
Stealth        | |  1.7
Summonings     | |  1.0
Translocations | |  0.8

Action                   |  1- 3 |  4- 6 |  7- 9 || total
-------------------------+-------+-------+-------++-------
Melee: Hand axe          |    12 |       |       ||    12
       Quarterstaff      |     1 |    28 |     6 ||    35
 Cast: Magic Dart        |    81 |    93 |    40 ||   214
       Conjure Flame     |       |     1 |       ||     1
       Mephitic Cloud    |       |     1 |       ||     1
  Use: Scroll            |     8 |     4 |     3 ||    15
       Potion            |       |     2 |       ||     2
 Stab: Confused          |       |     2 |       ||     2
  Eat: Chunk             |     3 |     6 |     1 ||    10
Armor: Robe              |     1 |    13 |     1 ||    15
Dodge: Dodged            |    18 |    21 |    14 ||    53
